 Dungeon Crawl Stone Soup version 0.29.0-11-gd7f09526c8 (webtiles) character file.

Game seed: 13237833841160870137

1752 Flugkiller the Cleaver (level 8, -11/73 HPs)
             Began as a Minotaur Fighter on Sept 4, 2022.
             Was a Follower of Okawaru.
             Mangled by Prince Ribbit (14 damage)
             ... on level 5 of the Dungeon.
             The game lasted 00:03:44 (6307 turns).

Flugkiller the Cleaver (Minotaur Fighter)           Turns: 6307, Time: 00:03:45

Health: -11/73     AC: 14    Str: 20    XL:     8   Next: 78%
Magic:  8/8        EV:  9    Int:  5    God:    Okawaru [*.....]
Gold:   411        SH:  5    Dex: 13    Spells: 7/7 levels left

rFire   . . .      SeeInvis .   f - +0 broad axe
rCold   + . .      Faith    .   c - +0 buckler
rNeg    . . .      Spirit   .   b - +0 scale mail
rPois   .          Reflect  .   (helmet restricted)
rElec   .          Harm     .   a - +2 cloak {rCorr}
rCorr   +          Rampage  .   j - +2 pair of gloves of the Frog {+Inv rC+}
Will    .....                   (no boots)
Stlth   ..........              v - amulet of the acrobat
HPRegen 0.22/turn               (no ring)
MPRegen 0.11/turn               (no ring)

@: mighty
A: horns 2, retaliatory headbutt
a: Renounce Religion, Evoke Invisibility, Heroism


You were on level 5 of the Dungeon.
You worshipped Okawaru.
Okawaru was aware of your devotion.
You visited 2 branches of the dungeon, and saw 7 of its levels.
You also visited: Ossuary.

You collected 411 gold pieces.

Inventory:

Hand Weapons
 f - a +0 broad axe (weapon)
   (You took it off Maggie on level 6 of the Dungeon)
Missiles
 s - 9 boomerangs (quivered)
Armour
 a - a +2 cloak of preservation (worn)
   (You took it off Crazy Yiuf on level 6 of the Dungeon)
 b - a +0 scale mail (worn)
 c - a +0 buckler (worn)
 j - the +2 pair of gloves of the Frog (worn) {+Inv rC+}
   (You found it on level 2 of the Dungeon)

   rC:        It protects you from cold.
   +Inv:      It lets you turn invisible.
Jewellery
 v - an amulet of the acrobat (around neck)
   (You found it on level 4 of the Dungeon)
Scrolls
 l - 2 scrolls of magic mapping
 r - 3 scrolls of identify
 u - 2 scrolls of enchant weapon
 w - 4 scrolls of vulnerability
 z - 3 scrolls of blinking
 C - a scroll of immolation
Potions
 h - a potion of haste
 k - 4 potions of lignification
 n - a potion of resistance
 q - 2 potions of curing
 A - a potion of heal wounds {unknown}
 B - a potion of flight {unknown}
 D - a potion of mutation {unknown}


   Skills:
 + Level 7.4 Fighting
 * Level 9.6 Axes
 + Level 7.4 Armour
 - Level 3.6 Shields
 + Level 2.5 Invocations


You had 7 spell levels left.
You didn't know any spells.
Your spell library was empty.

Dungeon Overview and Level Annotations

Branches:
Dungeon (6/15)             Temple (1/1) D:6         Ossuary (visited)

Altars:
Ashenzari
Cheibriados
Dithmenos
Elyvilon
Fedhas
Gozag
Hepliaklqana
Kikubaaqudgha
Makhleb
Okawaru
Qazlal
Ru
Sif Muna
Trog
Uskayaw
Vehumet
Wu Jian
Xom
Yredelemnul
Zin
The Shining One

Annotations:
D:4 Grinder
D:5 Dowan, Prince Ribbit


Innate Abilities, Weirdness & Mutations

You have a pair of horns on your head.
You reflexively headbutt those who attack you in melee.


Message History

You destroy the necrophage!
Okawaru accepts your kill.
Your life force feels restored.
No target in view!
No target in view!
No target in view!
No target in view!
You see here a necrophage corpse.
You see here a necrophage corpse.
Things that are here:
a +0 whip; a gnoll corpse Duvessa, Sister of Dowan comes into view.
She is wielding a +0 short sword.
Duvessa shouts!
You hear an angry hiss.
Duvessa is nearby!
Duvessa is nearby!
Duvessa is nearby!
Found an escape hatch in the floor.
Dowan, Brother of Duvessa comes into view.
He is wielding a +0 dagger.
Dowan shouts!
Dowan casts a spell.
Dowan blinks!
An adder comes into view.
Found a scroll labelled QEADDY NALI.
Duvessa misses you.
You hit Duvessa but do no damage.
An ogre comes into view. It is wielding a +0 giant club.
Duvessa hits you but does no damage.
Prince Ribbit comes into view.
Prince Ribbit croaks.
You hit Duvessa.
Duvessa is lightly wounded.
Duvessa drinks a potion.
Duvessa seems to grow stronger.
Duvessa barely misses you. The adder bites you but does no damage.
You hit Duvessa but do no damage.
Duvessa is lightly wounded.
You miss the adder. You block the adder's attack.
Prince Ribbit hops awkwardly around.
Duvessa misses you.
You hit Duvessa.
Duvessa is moderately wounded.
You closely miss the adder. The adder bites you but does no damage.
Duvessa hits you with a +0 short sword!
You feel very mighty all of a sudden. The adder bites you but does no damage.
Prince Ribbit blinks!
Dowan says, "Stay away from my face!"
Duvessa hits you but does no damage. The adder barely misses you.
You hit Duvessa but do no damage.
Duvessa is moderately wounded.
You hit the adder. The adder closely misses you.
You hit Duvessa but do no damage. You headbutt Duvessa.
Duvessa is moderately wounded.
You slash the ogre! You closely miss the adder.
The adder bites you but does no damage. The ogre hits you with a +0 giant club!
Duvessa closely misses you. You block the adder's attack.
You slash Duvessa!
Duvessa is heavily wounded.
You slash the ogre! You miss Dowan. You miss the adder.
Duvessa barely misses you. Dowan hits you but does no damage.
The adder bites you.
You are poisoned.
The adder poisons you! The ogre hits you with a +0 giant club!
You hit the ogre.
You kill the ogre!
Okawaru accepts your kill.
You can now gain great but temporary skills.
You hit Dowan. You closely miss the adder. You barely miss Duvessa.
You feel sick. The adder barely misses you.
Duvessa hits you with a +0 short sword!
Dowan mumbles some strange words.
Dowan blinks!
You block the adder's attack. Duvessa hits you with a +0 short sword!
You are too injured to fight recklessly!
You are too injured to fight recklessly!
You are too injured to fight recklessly!
You slash Duvessa!
Duvessa is almost dead.
You closely miss the adder.
You feel sick. The adder bites you but does no damage.
You block Prince Ribbit's attack. Duvessa hits you but does no damage.
Okay, then.
You hit Duvessa.
You kill Duvessa!
Okawaru accepts your kill.
Dowan's eyes darken. "You have made a black mistake."
Dowan seems to find hidden reserves of power!
You hit Prince Ribbit. You miss the adder.
You feel sick. Prince Ribbit barely misses you. You furiously retaliate!
You headbutt Prince Ribbit! You block the adder's attack.
Dowan gestures at you while chanting. The shard of ice hits you!
You partially resist.
* * * LOW HITPOINT WARNING * * *
You block the adder's attack. Prince Ribbit barely misses you.
You furiously retaliate!
You headbutt Prince Ribbit. You slash Dowan! Your headbutt misses Dowan.
Dowan is severely wounded.
You barely miss Prince Ribbit. You barely miss the adder.
You feel sick.
You are no longer poisoned.
Dowan hits you with a +0 dagger.
* * * LOW HITPOINT WARNING * * *
Prince Ribbit hits you!
You die...

#...# #...# #...#
#### #...# ... .
#####...######.# ..#
...............##...#
.............e)......
.............@F......
#####...######S.....?
##...### #.#.>..
#......# .# ..#
#....#.# # #
#######..).#.###
.....##)....)..#
####.##.####.#.#
####.##.####.#.#


You could see Prince Ribbit, Dowan (fast) and an adder.

Vanquished Creatures
  Maggie (D:6)
  Menkaure (D:6)
  Duvessa (D:5)
  A black bear (D:6)
  An ice beast (D:6)
  2 ogres
  A necrophage (D:5)
  2 scorpions (D:6)
  A hound (D:6)
  4 orc priests (D:3)
  A gnoll bouda (D:4)
  Crazy Yiuf (D:6)
  2 orc wizards
  Ijyb (D:3)
  3 iguanas
  8 mummies (Ossuary)
  Robin (D:4)
  6 gnolls
  6 adders
  4 worms
  3 dart slugs
  12 orcs
  3 bats
  10 endoplasms
  3 giant cockroaches
  15 goblins
  8 hobgoblins
  4 jackals
  2 quokkas
  7 ball pythons
  4 frilled lizards (D:1)
  3 gnoll zombies (Ossuary)
  A hobgoblin zombie (Ossuary)
  10 kobolds
  2 kobold zombies (Ossuary)
  2 orc zombies (Ossuary)
  12 rats
149 creatures vanquished.

Notes
Turn   | Place    | Note
-------+----------+-------------------------------------------
     0 | D:1      | Flugkiller the Minotaur Fighter began the quest for the
                  | Orb.
     0 | D:1      | Reached XP level 1. HP: 19/19 MP: 0/0
   163 | D:1      | Reached skill level 3 in Axes
   163 | D:1      | Reached XP level 2. HP: 17/27 MP: 1/1
   515 | D:1      | Reached XP level 3. HP: 28/33 MP: 2/2
  1162 | D:2      | Reached skill level 4 in Axes
  1370 | D:2      | Identified the +2 pair of gloves of the Frog {+Inv rC+}
  1614 | D:2      | Reached XP level 4. HP: 40/40 MP: 3/3
  1749 | D:3      | Noticed an ogre
  1760 | D:3      | Killed an ogre
  1761 | D:3      | Reached skill level 5 in Axes
  1761 | D:3      | Reached XP level 5. HP: 26/47 MP: 4/4
  1960 | D:3      | HP: 1/47 [orc priest/+0 flail (5)]
  2191 | D:3      | Reached skill level 5 in Fighting
  2191 | D:3      | Reached skill level 5 in Armour
  2193 | D:3      | Reached XP level 6. HP: 36/56 MP: 5/5
  2430 | D:3      | Reached skill level 6 in Axes
  2524 | D:3      | Noticed Ijyb
  2534 | D:3      | Killed Ijyb
  2539 | D:3      | Found a faded altar of an unknown god.
  2606 | D:3      | Identified the +1 leather armour "Ravuideu" {Dex+4}
  3049 | D:4      | Found a blossoming altar of Fedhas.
  3613 | D:4      | Identified the +1 helmet "Gagir" {rPois}
  3613 | D:4      | Noticed Robin
  3616 | D:4      | Identified the +0 spear "Peetref" {distort, Str+5}
  3621 | D:4      | Noticed Grinder
  3625 | D:4      | Killed Robin
  3637 | D:4      | Paralysed by Grinder for 4 turns
  3673 | D:5      | Entered Level 5 of the Dungeon
  3689 | D:6      | Noticed an ice beast
  3709 | D:6      | Reached XP level 7. HP: 33/61 MP: 6/6
  3731 | D:6      | Reached skill level 7 in Axes
  4079 | D:6      | Noticed Menkaure
  4086 | D:6      | Killed Menkaure
  4151 | D:6      | Found a sand-covered staircase.
  4156 | Ossuary  | Entered an ossuary
  4755 | D:6      | Reached skill level 8 in Axes
  4799 | D:6      | Found a staircase to the Ecumenical Temple.
  4972 | D:6      | Reached XP level 8. HP: 52/71 MP: 7/7
  4986 | D:6      | Noticed Maggie
  4997 | Temple   | Entered the Ecumenical Temple
  5188 | Temple   | Became a worshipper of Warmaster Okawaru
  5432 | D:6      | Killed Maggie
  5433 | D:6      | Reached skill level 9 in Axes
  5433 | D:6      | Reached skill level 1 in Invocations
  5809 | D:6      | Found a runed translucent door.
  5810 | D:6      | Noticed Crazy Yiuf
  6003 | D:6      | Killed Crazy Yiuf
  6292 | D:5      | Noticed Duvessa
  6293 | D:5      | Noticed Dowan
  6296 | D:5      | Noticed Prince Ribbit
  6304 | D:5      | Reached * piety under Okawaru
  6306 | D:5      | Killed Duvessa
  6307 | D:5      | HP: 3/73 [Dowan/+0 dagger (3)]
  6307 | D:5      | Mangled by Prince Ribbit

Illustrated notes

Levels and vault maps discovered:
D:1:      evilmike_arrival_fibonacci_small, layout_loops_ring
D:2:      layout_loops_ring, grunt_ministairs_3
D:3:      layout_basic, shapermc_ecumenical_altar_mp_vishouse, uniq_ijyb
D:4:      layout_layer_cave, mainiacjoe_overflow_concentric_impassable,
          uniq_eustachio, uniq_grinder, uniq_robin
D:5:      layout_loops_cross, nemelex_diamond_rough_becter, uniq_duvessa,
          uniq_pikel, uniq_prince_ribbit1
D:6:      layout_loops_ring, minmay_temple_entry_statues,
          cheibrodos_sewer_entry_bend, nicolae_ossuary_entry_plus,
          uniq_crazy_yiuf_cottage, uniq_menkaure, uniq_maggie
Temple:   nicolae_temple_bog_church

Skill      XL: |  1  2  3  4  5  6  7  8 |
---------------+-------------------------+-----
Axes           | 3 4 5 6 8 9 |  9.6
Fighting       | 4 5 6 7 |  7.4
Armour         | 4 5 6 7 |  7.4
Invocations    | 2 |  2.5
Shields        | |  3.6

Action                   |  1- 3 |  4- 6 |  7- 9 || total
-------------------------+-------+-------+-------++-------
Melee: War axe           |    98 |   132 |   107 ||   337
       Headbutt          |    23 |    24 |    21 ||    68
       Broad axe         |       |       |    30 ||    30
       Unarmed           |       |       |    11 ||    11
Throw: Boomerang         |       |     1 |       ||     1
Evoke: Wand              |       |     1 |       ||     1
  Use: Potion            |       |     4 |     1 ||     5
       Scroll            |       |     1 |    15 ||    16
Armor: Scale mail        |    46 |    49 |    65 ||   160
Dodge: Dodged            |    38 |    54 |    58 ||   150
Block: Buckler           |    25 |    25 |    24 ||    74
